 Dungeon Crawl Stone Soup version 0.20.1-1-g8b1a95d (webtiles) character file.

20335 OldRogue the Basher (level 12, -8/112 HPs)
             Began as a Naga Fighter on Nov 15, 2017.
             Was a Priest of Dithmenos.
             Mangled by a swamp worm (16 damage)
             ... on level 1 of the Swamp on Nov 16, 2017.
             The game lasted 04:43:08 (11858 turns).

OldRogue the Basher (Naga Fighter)                 Turns: 11858, Time: 04:43:09

Health: -8/112     AC: 15    Str: 22    XL:     12   Next: 78%
Magic:  0/14       EV: 11    Int: 11    God:    Dithmenos [***...]
Gold:   234        SH: 19    Dex: 17    Spells: 11/11 levels left

rFire    . . .     SeeInvis +   a - +3 flail
rCold    . . .     Gourm    .   g - +2 large shield
rNeg     . . .     Faith    .   G - +1 troll leather armour
rPois    +         Spirit   +   B - +1 hat {SInv}
rElec    .         Reflect  .   q - +2 cloak
rCorr    .         Harm     .   K - +2 pair of gloves {Dex+3}
MR       +....     Rnd*Rage +   (no barding)
Stlth    ++++++....             D - amulet of guardian spirit
Regen    0.7/turn               y - +2 ring of dexterity
MPRegen  0.2/turn               (no ring)

@: wreathed by umbra, very slow
A: antennae 1, see invisible, berserk 1, deformed body, poison resistance,
slowness 2, slow metabolism 1, spit poison 1, strong 1, AC +4
a: Spit Poison, Shadow Step, Renounce Religion


You were on level 1 of the Swamp.
You worshipped Dithmenos.
Dithmenos was most pleased with you.
You were very hungry.

You visited 3 branches of the dungeon, and saw 13 of its levels.

You collected 729 gold pieces.
You spent 495 gold pieces at shops.

Inventory:

Hand Weapons
 a - a +3 flail (weapon)
 s - a +0 antimagic flail
 C - a +2 mace of crushing
Armour
 b - a +2 scale mail
 d - a +0 large shield
 g - a +2 large shield (worn)
 j - a +0 leather armour of magic resistance
 q - a +2 cloak (worn)
 x - a +0 pair of gloves
 B - a +1 hat of see invisible (worn)
 G - a +1 troll leather armour (worn)
 K - a +2 pair of gloves of dexterity (worn)
Jewellery
 k - a +4 amulet of reflection
 n - an uncursed amulet of rage
 y - a +2 ring of dexterity (left hand)
 D - an amulet of guardian spirit (around neck)
Wands
 m - a wand of iceblast (0/15)
 r - a wand of lightning (3/15)
 t - a wand of confusion (0/48)
 v - a wand of acid (0/15)
 A - a wand of polymorph (8/24)
 E - a wand of digging (12/24)
 F - a wand of scattershot (0/9)
 I - a wand of paralysis (2/24)
Scrolls
 c - 7 scrolls of identify
 e - 7 scrolls of remove curse
 h - 2 scrolls of amnesia
 l - 2 scrolls of magic mapping
 p - a scroll of teleportation
Comestibles
 f - 7 bread rations
 o - 8 fruits
 w - 3 meat rations
 z - 14 royal jellies


   Skills:
 + Level 8.7 Fighting
 + Level 11.7 Maces & Flails
 + Level 5.9 Armour
 + Level 5.7 Dodging
 + Level 9.5 Stealth
 + Level 8.7 Shields
 + Level 0.4 Unarmed Combat
 + Level 0.7 Invocations
 + Level 3.1 Evocations


You had 11 spell levels left.
You didn't know any spells.

Dungeon Overview and Level Annotations

Branches:
Dungeon (10/15)            Temple (0/1) D:7            Lair (2/6) D:10
  Swamp (1/4) Lair:2
  Snake: Lair:2-4    Spider: Lair:2-4       Orc: D:9-12

Altars:
Dithmenos
Vehumet
Zin
The Shining One

Shops:
D:9 }   D:10 *

Annotations:
D:9 1 runed door
Swamp:1 Kirke


Innate Abilities, Weirdness & Mutations

You cannot wear boots.
Your serpentine skin is tough. (AC +4)
You have supernaturally acute eyesight. (SInv)
Armour fits poorly on your strangely shaped body.
Your system is resistant to poisons. (rPois)
You cover ground very slowly.
You have a slow metabolism.
You can spit poison.
You have a pair of small antennae on your head.
You tend to lose your temper in combat.
Your muscles are strong. (Str +2)


Message History

The helpless alligator fails to defend itself.
You sock the alligator!
The alligator is severely wounded.
The helpless alligator fails to defend itself.
You hit the alligator.
The alligator is severely wounded.
You have got your breath back.
The alligator looks more healthy.
The helpless alligator fails to defend itself.
You sock the alligator!
The alligator is almost dead.
The helpless alligator fails to defend itself.
You bludgeon the alligator!!
You kill the alligator!
Dithmenos accepts your kill.
A swamp worm bursts forth from the water.
You block the swamp worm's attack.
You see here an alligator corpse.
The swamp worm bites you!!
You die...

≈t..≈≈.≈≈≈...♣♣≈....≈. ..>≈≈
≈..≈≈≈≈≈.....♣♣.≈≈≈.≈.≈≈.♣ ≈≈v≈≈
......≈≈.≈≈≈≈..≈≈≈...≈≈≈≈♣ ..≈≈≈.
≈.≈≈....≈≈≈≈≈≈≈≈≈≈.♣≈...♣♣....♣..
.≈≈≈≈.≈..≈.≈≈≈≈≈≈≈.≈♣≈≈♣≈...≈....
.≈≈≈...w.......≈≈≈≈....≈...≈≈≈...
...≈......§....≈≈≈..≈≈..≈≈≈≈≈§.§≈
.≈≈....≈≈§.♣♣≈.w♣♣.≈≈§.≈≈..≈≈..≈≈
≈≈≈...≈≈≈≈.♣♣♣♣♣@..w(.♣ ♣≈.≈≈
........≈≈≈≈♣ ♣≈.≈.≈≈≈>♣ ≈♣.≈≈
.♣♣♣♣♣.≈≈≈.♣♣ ♣♣♣..≈≈..♣ ≈.≈..≈
♣♣♣♣......≈♣♣. ♣≈≈≈≈...≈≈.≈≈...≈
♣≈..≈≈≈.≈♣♣♣.. ♣♣♣.≈≈.≈....≈..≈≈
.≈≈≈≈≈≈.♣♣♣.≈≈ ≈.≈≈.....≈≈≈≈≈≈
...≈≈≈≈♣♣...≈≈ ♣.......≈≈≈≈≈≈≈
♣♣♣♣♣@≈≈≈≈.... ♣♣♣♣♣......≈...
♣§......≈≈. §.≈≈..♣...≈≈


You could see a tyrant leech and a swamp worm.

Vanquished Creatures
  Gastronok (D:10)
  Louise (Swamp:1)
  2 hydras
  2 two-headed ogres
  The ghost of Shimatora the Nimble, a journeyman DEFE of Sif Muna (Lair:2)
  An alligator (Swamp:1)
  Psyche (D:8)
  5 spiny frogs
  A rime drake (Lair:1)
  The ghost of Frank the Slasher, a novice OpFi (D:5)
  A komodo dragon (Lair:1)
  3 trolls
  A bog body (Swamp:1)
  A hornet (D:8)
  2 hippogriffs (Lair:2)
  Sigmund (D:4)
  A basilisk (Lair:2)
  Eustachio (D:4)
  11 yaks
  2 hogs (Swamp:1)
  2 insubstantial wisps (Swamp:1)
  2 wargs (D:10)
  5 porcupines
  6 water moccasins
  2 ice beasts (D:9)
  5 phantoms
  4 sky beasts
  A swamp drake (Swamp:1)
  3 orc warriors
  An ogre (D:6)
  6 centaurs
  4 crocodiles
  9 bullfrogs
  2 wyvern skeletons (D:7)
  A water moccasin skeleton (D:8)
  3 scorpions
  10 wights
  13 killer bees (D:10)
  3 howler monkeys
  An electric eel (Lair:2)
  5 crimson imps
  2 bullfrog zombies
  6 hounds
  4 jellies
  8 orc priests
  A centaur skeleton (D:10)
  6 orc wizards
  A gnoll shaman (D:4)
  5 iguanas
  4 worker ants
  A hound zombie (D:6)
  2 hound skeletons
  12 gnolls
  12 adders
  A howler monkey skeleton (D:7)
  7 oozes
  An adder zombie (D:8)
  An adder skeleton (D:7)
  5 leopard geckos
  21 orcs
  13 bats
  11 giant cockroaches
  7 goblins
  8 hobgoblins
  5 jackals
  4 kobolds
  7 quokkas
  3 frilled lizards
  7 rats
293 creatures vanquished.

Vanquished Creatures (collateral kills)
  4 yaks (D:10)
  A scorpion (D:10)
5 creatures vanquished.

Vanquished Creatures (others)
  A tyrant leech (Swamp:1)
  A bullfrog (D:10)
  A kobold (D:1)
  2 fungi (Lair:2)
  2 plants (D:10)
7 creatures vanquished.

Grand Total: 305 creatures vanquished

Notes
Turn   | Place    | Note
-------+----------+-------------------------------------------
     0 | D:1      | OldRogue the Naga Fighter began the quest for the Orb.
     0 | D:1      | Reached XP level 1. HP: 21/21 MP: 1/1
    62 | D:1      | Reached XP level 2. HP: 21/28 MP: 2/2
   582 | D:1      | Reached XP level 3. HP: 34/34 MP: 3/3
   858 | D:2      | Found a shadowy altar of Dithmenos.
   881 | D:2      | Became a worshipper of Dithmenos the Shadowed
  1051 | D:2      | Reached XP level 4. HP: 42/42 MP: 4/4
  1641 | D:3      | Reached skill level 3 in Maces & Flails
  2041 | D:3      | You fall through a shaft for 2 floors!
  2041 | D:5      | Entered Level 5 of the Dungeon
  2191 | D:4      | Reached * piety under Dithmenos
  2194 | D:4      | Reached XP level 5. HP: 45/49 MP: 5/5
  2362 | D:4      | Noticed Eustachio
  2370 | D:4      | Killed Eustachio
  2370 | D:4      | Reached skill level 4 in Maces & Flails
  2370 | D:4      | Reached XP level 6. HP: 43/57 MP: 6/6
  2395 | D:4      | Noticed Sigmund
  2700 | D:4      | Killed Sigmund
  2700 | D:4      | Reached XP level 7. HP: 25/64 MP: 7/7
  3317 | D:5      | Reached skill level 5 in Maces & Flails
  3317 | D:5      | Reached skill level 1 in Dodging
  3374 | D:5      | Noticed Frank's ghost (novice OpFi)
  3391 | D:5      | Killed Frank's ghost
  3391 | D:5      | Reached skill level 1 in Stealth
  3391 | D:5      | Reached XP level 8. HP: 73/73 MP: 8/8
  3723 | D:5      | Found a glowing silver altar of Zin.
  3876 | D:6      | Reached ** piety under Dithmenos
  3976 | D:6      | Reached skill level 6 in Maces & Flails
  4000 | D:6      | Gained mutation: Your mind is acute. (Int +2) [mutagenic meat]
  4327 | D:6      | Reached skill level 5 in Fighting
  4491 | D:6      | Reached XP level 9. HP: 76/81 MP: 3/9
  4950 | D:6      | Reached skill level 7 in Maces & Flails
  5146 | D:7      | Found a radiant altar of Vehumet.
  5218 | D:7      | Reached skill level 1 in Evocations
  5227 | D:7      | Reached skill level 5 in Shields
  5808 | D:7      | Found a staircase to the Ecumenical Temple.
  6029 | D:8      | Noticed Psyche
  6042 | D:8      | Killed Psyche
  6042 | D:8      | Reached *** piety under Dithmenos
  6042 | D:8      | Reached skill level 8 in Maces & Flails
  6101 | D:8      | Noticed a hornet
  6110 | D:8      | Killed a hornet
  6110 | D:8      | Reached skill level 5 in Armour
  6110 | D:8      | Reached skill level 5 in Stealth
  6165 | D:8      | Reached XP level 10. HP: 78/91 MP: 3/11
  6187 | D:8      | Gained mutation: Your body sometimes deteriorates upon taking damage. [mutagenic meat]
  6188 | D:8      | Gained mutation: Your body often deteriorates upon taking damage. [mutagenic meat]
  6226 | D:8      | Noticed a two-headed ogre
  6252 | D:8      | Lost mutation: Your mind is acute. (Int +2) [potion of mutation]
  6252 | D:8      | Lost mutation: Your body often deteriorates upon taking damage. [potion of mutation]
  6252 | D:8      | Lost mutation: Your body sometimes deteriorates upon taking damage. [potion of mutation]
  6252 | D:8      | Gained mutation: You tend to lose your temper in combat. [potion of mutation]
  6252 | D:8      | Gained mutation: You have a pair of small antennae on your head. [potion of mutation]
  6274 | D:8      | Killed a two-headed ogre
  6377 | D:8      | Reached skill level 9 in Maces & Flails
  6842 | D:9      | Found Veyvvoug's Gadget Shoppe.
  7378 | D:9      | Noticed a two-headed ogre
  7386 | D:9      | Killed a two-headed ogre
  7492 | D:9      | Found a glowing golden altar of the Shining One.
  7492 | D:9      | Noticed an angel
  7542 | D:9      | Reached **** piety under Dithmenos
  7998 | D:9      | Found a runed door.
  8026 | D:9      | Gained mutation: Your muscles are strong. (Str +2) [mutagenic meat]
  8072 | D:9      | Bought a box of beasts for 300 gold pieces
  8113 | D:10     | Entered Level 10 of the Dungeon
  8168 | D:10     | Reached XP level 11. HP: 21/99 MP: 2/12
  8524 | D:10     | Reached skill level 10 in Maces & Flails
  8856 | D:10     | Noticed Gastronok
  8962 | D:10     | HP: 3/100 [Gastronok (17)]
  8963 | D:10     | HP: 1/100 [river rat[Gastronok] (2)]
  8968 | D:10     | Killed Gastronok
  8980 | D:10     | HP: 5/102 [warg (3)]
  8984 | D:10     | HP: 1/102 [warg (6)]
  9011 | D:10     | Found a staircase to the Lair.
  9171 | D:10     | Found Puekoxiv's Demolitions Depot.
  9411 | D:10     | Bought a wand of scattershot (1/9) for 195 gold pieces
  9448 | Lair:1   | Entered Level 1 of the Lair of Beasts
  9937 | Lair:1   | Noticed an eight-headed hydra
  9951 | Lair:1   | Killed an eight-headed hydra
  9951 | Lair:1   | Reached XP level 12. HP: 15/110 MP: 0/14
 10201 | Lair:1   | Reached skill level 11 in Maces & Flails
 10587 | Lair:2   | Noticed a four-headed hydra
 10598 | Lair:2   | Killed a four-headed hydra
 10598 | Lair:2   | Reached skill level 5 in Dodging
 10862 | Lair:2   | Noticed Shimatora's ghost (journeyman DEFE)
 10906 | Lair:2   | Killed Shimatora's ghost
 11061 | Lair:2   | Found a staircase to the Swamp.
 11446 | Lair:2   | Found a staircase to the Swamp.
 11455 | Swamp:1  | Entered Level 1 of the Swamp
 11457 | Swamp:1  | Noticed Louise
 11465 | Swamp:1  | Was placed under penance by Dithmenos
 11476 | Swamp:1  | Killed Louise
 11476 | Swamp:1  | Was forgiven by Dithmenos
 11581 | Swamp:1  | Noticed Kirke
 11601 | Swamp:1  | Noticed an alligator
 11848 | Swamp:1  | HP: 2/112 [alligator (18)]
 11856 | Swamp:1  | Killed an alligator
 11858 | Swamp:1  | Mangled by a swamp worm

Skill      XL: |  1  2  3  4  5  6  7  8  9 10 11 12 |
---------------+-------------------------------------+-----
Shields        | 3 4 5 6 7 8 |  8.7
Armour         | 3 4 5 |  5.9
Maces & Flails | 3 4 5 6 8 9 10 11 | 11.7
Fighting       | 4 5 6 8 |  8.7
Dodging        | 1 2 3 4 5 |  5.7
Stealth        | 1 3 5 6 8 9 |  9.5
Evocations     | 1 2 3 |  3.1
Unarmed Combat | |  0.4
Invocations    | |  0.7

Action                   |  1- 3 |  4- 6 |  7- 9 | 10-12 || total
-------------------------+-------+-------+-------+-------++-------
Melee: Flail             |    88 |    80 |   351 |   829 ||  1348
       Unarmed           |       |       |       |    10 ||    10
Invok: Shadow Step       |       |       |       |    10 ||    10
 Abil: Spit Poison       |    30 |    23 |    44 |   104 ||   201
       Evoke Berserk Rag |       |       |     3 |     1 ||     4
Evoke: Wand              |       |       |     5 |    18 ||    23
       Box of beasts     |       |       |       |     2 ||     2
  Use: Scroll            |     8 |    10 |     3 |    17 ||    38
       Potion            |       |     4 |     2 |    11 ||    17
 Stab: Sleeping          |       |       |     6 |    24 ||    30
       Distracted        |       |       |       |     5 ||     5
       Confused          |       |       |       |     3 ||     3
       Paralysed         |       |       |       |     7 ||     7
  Eat: Chunk             |     2 |     4 |    16 |    26 ||    48
       Fruit             |       |       |     2 |       ||     2
Armor: Scale mail        |    32 |    29 |       |       ||    61
       Leather armour    |       |     2 |    50 |    28 ||    80
       Troll leather arm |       |       |       |   140 ||   140
Dodge: Dodged            |    19 |    17 |    73 |   230 ||   339
Block: Shield            |    58 |    51 |     5 |       ||   114
       Reflection        |     1 |       |       |       ||     1
       Large shield      |       |       |   245 |   682 ||   927
